AoeStats
← Frostfel

Black Forest

510031307Analyzed
3v3 RM · 4d ago on Sep 29, 2026· 72m 20s· 6 players
Game mode
Random Map
Map size
Normal (6 player)
Population
200
Speed
Normal
Resources
Standard
Victory
Conquest
Starting age
Dark Age
Ending age
Imperial Age
RankedLock teamsTeams togetherTeam positionsShared explorationLock speedFull tech treeHidden civsTurbo modeCheats
Victory
Defeat
🇨🇴 Burgundians · Colombia
836
+10
🇲🇽 Japanese · Mexico
802
+12
🇨🇴 Bengalis · Colombia
774
+12
🇺🇸 Bulgarians · United States
748
-25
🇦🇷 Dravidians · Argentina
726
-12
🇦🇷 Inca · Argentina
633
-9
JOHN CHIMPO6346
1:29 Loom
12:46 Feudal Age
13:49 Horse Collar
13:56 Double-Bit Axe
16:25 Forging
18:10 Bloodlines
22:56 Castle Age
27:03 Gold Mining
27:04 Stone Mining
27:08 Fletching
28:49 Wheelbarrow
28:21 Heavy Plow
28:45 Bow Saw
30:37 Gold Shaft Mining
30:37 Stone Shaft Mining
30:49 Hand Cart
31:28 Town Watch
33:39 Ballistics
33:15 Murder Holes
33:31 Masonry
33:57 Caravan
34:35 Stirrups
34:41 Stirrups
40:16 Imperial Age
40:35 Town Patrol
40:47 Scale Barding Armor
40:54 Forging
40:41 Bodkin Arrow
40:47 Padded Archer Armor
41:45 Crop Rotation
43:15 Chemistry
43:23 Chemistry
42:54 Architecture
43:05 Husbandry
42:26 Cavalier
43:34 Elite Konnik
45:48 Chain Barding Armor
46:04 Iron Casting
45:30 Bracer
48:03 Blast Furnace
47:45 Plate Barding Armor
56:30 Gambesons
Alanvzqq
0:36 Loom
14:10 Feudal Age
15:26 Wheelbarrow
14:37 Double-Bit Axe
14:34 Horse Collar
14:40 Town Watch
16:14 Gold Mining
16:14 Stone Mining
22:34 Castle Age
23:30 Hand Cart
23:17 Heavy Plow
23:35 Bow Saw
26:03 Caravan
37:13 Coinage
36:56 Forging
36:52 Scale Barding Armor
36:47 Scale Mail Armor
36:37 Fletching
36:47 Padded Archer Armor
42:39 Imperial Age
40:57 Atonement
40:57 Devotion
41:18 Sanctity
40:53 Herbal Medicine
41:12 Fortified Wall
41:13 Masonry
40:59 Murder Holes
40:54 Heated Shot
41:25 Ballistics
40:56 Guard Tower
44:20 Chemistry
43:11 Heated Shot
43:42 Ballistics
43:08 Arrowslits
43:13 Guard Tower
43:46 Faith
44:02 Theocracy
43:42 Block Printing
43:29 Town Patrol
43:41 Guilds
47:06 Elite Urumi Swordsman
48:08 Wootz Steel
47:54 Medical Corps
48:10 Conscription
48:26 Hoardings
48:44 Banking
50:52 Iron Casting
50:32 Chain Mail Armor
50:40 Chain Barding Armor
50:15 Bodkin Arrow
50:36 Leather Archer Armor
50:27 Heavy Scorpion
50:27 Onager
50:28 Siege Elephant
53:28 Blast Furnace
52:58 Plate Mail Armor
52:29 Bracer
54:29 Ring Archer Armor
57:24 Elite Elephant Archer
58:34 Bombard Tower
66:54 Thumb Ring
Imparabl3
0:44 Loom
12:54 Feudal Age
14:12 Wheelbarrow
13:30 Double-Bit Axe
14:23 Horse Collar
14:35 Gold Mining
14:36 Stone Mining
15:50 Town Watch
20:47 Scale Mail Armor
21:08 Fletching
21:42 Padded Archer Armor
22:36 Forging
26:28 Castle Age
29:10 Hand Cart
28:27 Champi Runner
29:17 Town Patrol
29:58 Gold Shaft Mining
33:19 Chain Mail Armor
33:40 Iron Casting
33:21 Leather Archer Armor
33:13 Bodkin Arrow
33:55 Bow Saw
33:46 Heavy Plow
33:56 Heavy Plow
34:16 Champi Warrior
35:45 Stone Shaft Mining
35:26 Masonry
34:57 Treadmill Crane
42:04 Imperial Age
40:28 Coinage
39:58 Caravan
40:31 Andean Sling
42:09 Elite Champi Warrior
44:05 Elite Skirmisher
45:48 Capped Ram
55:10 Arson
55:26 Squires
54:48 Pikeman
57:16 Plate Mail Armor
57:47 Blast Furnace
56:48 Bracer
57:19 Ring Archer Armor
57:54 Chemistry
57:15 Ballistics
56:45 Heated Shot
57:06 Fortified Wall
56:52 Murder Holes
57:47 Fabric Shields
58:48 Conscription
57:58 Sappers
59:50 Elite Kamayuk
61:15 Arson
60:51 Halberdier
67:08 Thumb Ring
66:24 Crossbowman
Le Tapete
13:51 Feudal Age
18:47 Castle Age
17:27 Horse Collar
17:38 Double-Bit Axe
18:12 Loom
18:26 Gold Mining
19:58 Heavy Plow
22:03 Bow Saw
23:50 Town Watch
27:44 Wheelbarrow
27:09 Town Patrol
29:41 Caravan
30:12 Coinage
29:57 Stone Mining
30:47 Gold Shaft Mining
34:29 Imperial Age
32:38 Hand Cart
33:53 Scale Mail Armor
33:59 Scale Barding Armor
34:07 Forging
33:47 Fletching
33:58 Padded Archer Armor
35:46 Banking
34:44 Pikeman
35:24 Squires
35:14 Arson
35:14 Gambesons
34:50 Man-at-Arms
35:08 Capped Ram
36:38 Kataparuto
36:40 Conscription
36:26 Onager
37:44 Chain Barding Armor
37:40 Chain Mail Armor
37:23 Bodkin Arrow
37:39 Yasama
37:17 Long Swordsman
38:57 Iron Casting
38:42 Leather Archer Armor
38:28 Bracer
39:08 Iron Casting
38:42 Two-Handed Swordsman
40:52 Plate Mail Armor
40:52 Ring Archer Armor
41:45 Blast Furnace
40:40 Champion
40:43 Halberdier
40:52 Cavalier
41:33 Husbandry
41:43 Bloodlines
40:53 Light Cavalry
41:27 Elite Samurai
43:01 Hoardings
45:46 Ballistics
46:27 Chemistry
45:38 Fortified Wall
45:14 Arrowslits
45:20 Guard Tower
59:40 Two-Man Saw
andy uchiha
0:33 Loom
12:59 Feudal Age
15:37 Wheelbarrow
17:09 Double-Bit Axe
21:53 Castle Age
24:55 Bow Saw
36:11 Imperial Age
38:06 Coinage
37:37 Caravan
38:04 Scale Barding Armor
38:10 Forging
38:01 Scale Mail Armor
38:29 Pikeman
39:10 Squires
38:56 Arson
38:57 Gambesons
41:10 Two-Man Saw
39:58 Horse Collar
40:11 Siege Elephant
40:26 Halberdier
41:19 Onager
43:56 Conscription
43:57 Mahayana
43:42 Paiks
44:04 Elite Ratha (Ranged)
45:38 Elite Elephant Archer
47:49 Padded Archer Armor
47:40 Fletching
48:26 Iron Casting
48:06 Chain Mail Armor
50:03 Leather Archer Armor
49:44 Bodkin Arrow
50:50 Blast Furnace
50:52 Chemistry
50:13 Ballistics
49:44 Heated Shot
50:00 Siege Engineers
50:06 Masonry
61:10 Ring Archer Armor
60:41 Bracer
61:02 Chain Barding Armor
Frostfel
0:38 Loom
11:41 Wheelbarrow
14:50 Feudal Age
15:15 Horse Collar
15:24 Double-Bit Axe
16:01 Hand Cart
16:52 Heavy Plow
17:20 Town Watch
23:36 Castle Age
26:08 Town Patrol
27:24 Gold Mining
27:29 Stone Mining
28:03 Caravan
29:13 Stone Shaft Mining
29:17 Gold Shaft Mining
30:53 Elite Skirmisher
31:28 Fletching
31:38 Padded Archer Armor
32:16 Ballistics
35:24 Imperial Age
33:23 Bow Saw
33:53 Crop Rotation
36:10 Bodkin Arrow
36:31 Leather Archer Armor
35:40 Pikeman
36:20 Squires
38:38 Two-Man Saw
37:15 Onager
37:37 Halberdier
38:16 Capped Ram
39:41 Scale Barding Armor
39:47 Forging
39:55 Bracer
41:20 Chain Barding Armor
42:35 Elite Coustillier
43:26 Burgundian Vineyards
45:40 Iron Casting
45:05 Scale Mail Armor
45:41 Plate Barding Armor
46:15 Chemistry
45:26 Masonry
44:58 Treadmill Crane
45:28 Fortified Wall
49:29 Bombard Tower
49:40 Architecture
50:23 Chain Mail Armor
51:08 Blast Furnace
53:58 Plate Mail Armor
60:35 Arson
Connection lost

Rejoining the realm…

Still unreachable

The connection could not be restored.

Session expired

The server has moved on; the page needs a fresh start.